Map: Vaani Research Station (Void)

Players

Emil

  • Race: Zerg Zerg
  • League: Diamond
  • Spawn Location: 12:00

Thorix - Winner!

  • Race: Terran Terran
  • Spawn Location: 6:00

VOD

Have the link to the VOD?

Description

Time

  • Played on: Nov. 28, 2016, 9:24 a.m.
  • Length: 9:19
Show
View Real Time Build Order
Export as new Build Order

Emil Zerg 

Build Orders: Hatch First 

Get SALT Encoding   

  12  0:04  Drone  
  13  0:14  Overlord  
  13  0:21  Drone  
  14  0:34  Drone x2  
  16  0:54  Drone  
  17  0:58  Hatchery  
  17  1:00  Extractor  
  15  1:13  Spawning Pool  
  14  1:19  Drone  
  15  1:29  Drone x2  
  17  1:41  Drone  
  17  1:45  Drone  
  19  1:48  Extractor  
  18  1:56  Drone  
  20  2:05  Queen  
  20  2:06  Zergling x2  
  22  2:13  Queen  
  24  2:15  Drone  
  24  2:16  Drone  
  26  2:27  Drone  
  26  2:28  Drone  
  28  2:37  Overlord  
  28  2:40  Overlord  
  28  2:54  Queen x2  
  28  2:57  Drone  
  33  3:01  Metabolic Boost  
  33  3:16  Drone  
  33  3:17  Drone x4  
  38  3:20  Drone  
  39  3:31  Roach Warren  
  38  3:35  Lair  
  38  3:43  Queen  
  38  3:44  Extractor  
  38  3:48  Drone x2  
  41  3:49  Drone  
  42  4:06  Spore Crawler, Extractor  
  42  4:08  Spore Crawler  
  39  4:19  Spore Crawler, Roach  
  39  4:20  Roach x2  
  39  4:24  Extractor  
  43  4:34  Overseer  
  43  4:35  Drone  
  44  4:38  Overlord x2  
  44  4:39  Overlord  
  44  4:57  Drone x8  
  52  5:03  Overseer  
  52  5:04  Overseer  
  52  5:10  Roach x2  
  55  5:36  Spore Crawler  
  55  5:40  Glial Reconstitution  
  54  5:44  Drone x2  
  54  5:46  Hatchery  
  55  6:02  Drone  
  55  6:03  Drone x6  
  61  6:27  Drone x7  
  68  6:41  Hydralisk Den  
  68  6:43  Overlord x2  
  68  6:44  Evolution Chamber, Drone  
  68  6:45  Drone  
  64  7:19  Roach  
  64  7:20  Roach x8  
  74  7:30  Queen x2  
  74  7:34  Grooved Spines  
  77  7:40  Extractor  
  77  7:41  Extractor  
  75  7:48  Drone x7  
  80  8:18  Drone  
  80  8:19  Drone  
  82  8:23  Overlord x5  
  82  8:38  Ravager x2  
  82  8:39  Overlord x3  
  82  8:44  Hydralisk  
  82  8:45  Hydralisk x5  
Show
View Real Time Build Order
Export as new Build Order

Thorix Terran - Winner!

Build Orders: Hellion Banshee, MMM Bio 

Get SALT Encoding   

  12  0:00  SCV  
  13  0:13  SCV  
  14  0:22  Supply Depot  
  14  0:25  SCV  
  15  0:43  SCV  
  15  0:45  Barracks  
  15  0:48  Refinery  
  16  0:56  SCV  
  17  1:08  SCV  
  18  1:20  SCV  
  19  1:33  Marine  
  19  1:35  Supply Depot  
  20  1:45  Orbital Command  
  20  1:57  Command Center  
  20  2:10  Factory  
  20  2:15  SCV  
  21  2:19  Barracks Reactor  
  21  2:27  SCV  
  22  2:39  SCV  
  24  2:51  SCV  
  24  2:53  Refinery  
  24  3:03  SCV  
  24  3:04  Starport  
  25  3:07  Hellion x2  
  25  3:08  Barracks Tech Lab  
  25  3:12  Orbital Command  
  29  3:15  SCV  
  30  3:29  Hellion x2  
  34  3:39  SCV x2  
  36  3:43  Barracks Reactor  
  36  3:45  Barracks  
  36  3:46  Barracks Tech Lab  
  36  3:50  Hellion, Cloaking Field  
  36  3:53  Hellion  
  40  4:00  Banshee  
  40  4:02  SCV  
  44  4:03  SCV  
  45  4:14  SCV  
  45  4:15  Stimpack  
  46  4:27  Supply Depot  
  46  4:30  Supply Depot  
  46  4:34  Barracks Reactor  
  46  4:49  Banshee, SCV x2, Hellion, Marine  
  46  4:51  Hellion  
  56  4:53  Supply Depot  
  56  4:59  Supply Depot  
  56  5:02  Engineering Bay, SCV x2  
  56  5:03  Engineering Bay  
  58  5:09  Marine  
  59  5:26  Marine  
  59  5:27  Marine  
  61  5:31  Terran Infantry Weapons Level 1, Terran Infantry Armor Level 1  
  61  5:32  Barracks  
  61  5:33  Barracks  
  61  5:39  Marine  
  65  5:43  Supply Depot  
  65  5:51  Marine x2  
  64  5:58  Command Center, Marauder  
  64  6:01  SCV x2  
  68  6:05  Siege Tank  
  71  6:16  Marine x2  
  71  6:17  Combat Shields  
  73  6:23  SCV x2  
  75  6:32  Armory  
  75  6:33  Supply Depot, Barracks Tech Lab x2  
  75  6:34  Marauder  
  75  6:37  SCV x2  
  79  6:45  Marine x2  
  81  6:51  Refinery, Supply Depot  
  81  6:52  Refinery, Supply Depot  
  81  6:53  Armory  
  81  6:57  Marauder  
  81  7:00  SCV x2  
  73  7:27  Marine x3  
  73  7:28  Siege Tank, Marauder x2  
  83  7:33  Barracks  
  83  7:35  Barracks  
  79  7:45  SCV x2  
  79  7:46  Orbital Command, Marauder  
  79  7:49  Medivac  
  85  7:52  Medivac  
  85  7:53  Marine x2  
  85  7:55  Marine x2  
  85  7:58  Supply Depot, SCV x2  
  93  8:12  Marauder, Marine x2  
  96  8:13  Siege Tank, Marauder, Marine  
  96  8:17  Refinery  
  96  8:19  Refinery  
  103  8:22  Barracks Reactor  
  103  8:23  Barracks Reactor  
  103  8:48  Marine  
  103  8:49  Marauder x2, Marine x2  
  115  8:56  Unknown x7, SCV x2  
  115  8:57  Unknown  
  115  8:58  SCV  
Tags
 
Add a new tag
Caveats
  • Supply blocks, unpowered buildings, or Contaminate may cause inaccurate times.
  • Supply counts are checked every 10 seconds.